 Dungeon Crawl Stone Soup version 0.27.0-1-g7a089689b8 (webtiles) character file.

Game seed: 6408405729937693575

54 inmateoo the Shield-Bearer (level 3, -2/22 HPs)
             Began as a Deep Elf Fighter on Aug 13, 2021.
             Killed from afar by Sigmund (3 damage)
             ... with a puff of flame
             ... on level 2 of the Dungeon.
             The game lasted 00:01:17 (1364 turns).

inmateoo the Shield-Bearer (Deep Elf Fighter)       Turns: 1364, Time: 00:01:18

Health: -2/22      AC:  7    Str: 14    XL:     3   Next: 66%
Magic:  5/5        EV:  6    Int: 12    God:
Gold:   54         SH:  8    Dex: 14    Spells: 2/2 levels left

rFire    . . .     SeeInvis .   a - +0 long sword
rCold    . . .     Faith    .   c - +0 kite shield
rNeg     . . .     Spirit   .   b - +0 scale mail
rPois    .         Reflect  .   (no helmet)
rElec    .         Harm     .   (no cloak)
rCorr    .         Rampage  .   f - +0 pair of gloves
Will     .....                  (no boots)
Stlth    ..........             (no amulet)
HPRegen  0.07/turn              (no ring)
MPRegen  0.09/turn              (no ring)

@: no status effects
A: no striking features
a: no special abilities


You were on level 2 of the Dungeon.
You visited 1 branch of the dungeon, and saw 2 of its levels.

You collected 54 gold pieces.

Inventory:

Hand Weapons
 a - a +0 long sword (weapon)
Armour
 b - a +0 scale mail (worn)
 c - a +0 kite shield (worn)
 f - a +0 pair of gloves (worn)
Scrolls
 e - a scroll of identify {unknown}
 g - a scroll of magic mapping {unknown}
 i - a scroll of teleportation {unknown}
 j - a scroll of noise {unknown}
Potions
 d - a potion of might
 h - a potion of curing {unknown}
 k - a potion of heal wounds {unknown}


   Skills:
 + Level 2.8 Fighting
 + Level 2.3 Long Blades
 + Level 2.8 Armour
 + Level 2.8 Shields


You had 2 spell levels left.
You didn't know any spells.
Your spell library contained the following spells:

 Spells                   Type           Power      Damage    Failure   Level
 Conjure Flame            Conj/Fire      0%         6-21      100%        3
 Ignite Poison            Fire/Tmut/Pois 0%         N/A       100%        3
 Sticky Flame             Conj/Fire      0%         2d3       100%        4


Dungeon Overview and Level Annotations

Branches:
Dungeon (2/15)

Altars:

Annotations:
D:2 Sigmund


Message History

The adder is almost dead.
The adder bites you but does no damage.
You hit the adder but do no damage.
The adder is almost dead.
The adder bites you. You block the adder's attack.
You barely miss the adder.
The adder is almost dead.
The adder bites you but does no damage. x2
You hit the adder.
You kill the adder!
You swing at nothing.
You start resting.
HP restored.
Found a stone staircase leading up and a stone staircase leading down.
A ball python comes into view.
The ball python moves out of view.
Found a scroll labelled MUIHO RYEGI and 2 fuming coppery potions.
A ball python is nearby!
The ball python completely misses you. You block the ball python's attack.
You hit the ball python.
The ball python is moderately wounded.
The ball python barely misses you.
You riposte.
You hit the ball python.
You kill the ball python!
No target in view!
Sigmund the Dreaded comes into view.
He is wielding a +0 scythe.
Sigmund shouts!
Sigmund moves out of view.
Okay, then.
Found a faded altar of an unknown god.
You see here a scroll labelled MUIHO RYEGI.
An endoplasm comes into view.
The endoplasm quivers.
Sigmund hits you from afar with a +0 scythe!
Ouch! That really hurt!
Sigmund hits you from afar with a +0 scythe!
* * * LOW HITPOINT WARNING * * *
You see here a scroll labelled MUIHO RYEGI.
Sigmund gestures at you while chanting. The puff of flame hits you.
You die...

≈.≈...§.....##
.≈≈...≈......#
_≈≈...≈......
≈≈.≈..≈!..#
.≈≈≈§≈....#
.≈.§≈.#@.##
.≈.§. #.##
§≈≈. #.# ..J
#@# #
...####.####.#
.#
.............#
.#
.#..##.>..####
.# # #.#<.###
.# #......# .#
####.#.# .#
####.#.# .#
....#.#


You could see Sigmund.

Vanquished Creatures
  Jessica (D:2)
  An adder (D:2)
  5 ball pythons
  A giant cockroach (D:2)
  3 goblins
  A hobgoblin (D:1)
  3 kobolds (D:1)
  A quokka (D:1)
  2 bats (D:1)
  2 frilled lizards
  2 rats (D:1)
22 creatures vanquished.

Notes
Turn   | Place    | Note
-------+----------+-------------------------------------------
     0 | D:1      | inmateoo the Deep Elf Fighter began the quest for the Orb.
     0 | D:1      | Reached XP level 1. HP: 13/13 MP: 3/3
   557 | D:1      | Reached XP level 2. HP: 17/18 MP: 4/4
  1090 | D:2      | Noticed Jessica
  1105 | D:2      | Killed Jessica
  1106 | D:2      | Reached XP level 3. HP: 22/22 MP: 5/5
  1357 | D:2      | Noticed Sigmund
  1359 | D:2      | Found a faded altar of an unknown god.
  1361 | D:2      | HP: 1/22 [Sigmund (10)]
  1364 | D:2      | Killed from afar by Sigmund

Illustrated notes

Levels and vault maps discovered:
D:1:      dpeg_arrival_circle_labyrinth_c, layout_basic,
          corexii_item_surrounded_by_moat, minivault_26
D:2:      layout_loops_ring, shapermc_ecumenical_altar_starsandcircs,
          uniq_jessica, uniq_sigmund, uniq_terence

Skill      XL: |  1 |
---------------+----+-----
Long Blades    | 2 |  2.3
Fighting       | |  2.8
Armour         | |  2.8
Shields        | |  2.8

Action                   || total
-------------------------++-------
Melee: Long sword        ||    59
Armor: Scale mail        ||    21
       Skin              ||    12
Dodge: Dodged            ||    15
Block: Kite shield       ||    41
       Rpst.: Long sword ||     6
